Predators vs Maple Leafs
Created - 23 mars 2017 at 00:09
Goals
|
| Predators |
0 |
3 |
1 |
4 |
| Maple Leafs |
1 |
1 |
3 |
5 |
|
Shots
|
| Predators |
7 |
11 |
8 |
26 |
| Maple Leafs |
14 |
15 |
9 |
38 |
|
1st period
1. Maple Leafs , Rob Schremp 11 (Jamie McBain) at 19:12
Penalties :
John Moore (Nas) for Hooking (Minor) at 0:17, David Jones (Nas) for Hooking (Minor) at 8:35
2nd period
2. Predators , Adam Burish 10 (James Van Riemsdyk, Alexander Edler) at 8:01
3. Maple Leafs , Fabian Brunnstrom 17 (Evgeni Malkin, Michael Grabner) at 10:42
4. Predators , Steve Begin 4 (Kris Vernarsky) at 14:51
5. Predators , Alexander Ovechkin 29 (Niclas Bergfors, Kris Vernarsky) at 18:01
Penalties :
Steve Begin (Nas) for Cross-checking (Minor) at 12:09
3rd period
6. Maple Leafs , Jamie McBain 4 (Evgeni Malkin) at 5:31
7. Maple Leafs , Evgeni Malkin 19 (Claude Giroux) at 5:56 (PP)
8. Maple Leafs , Michael Grabner 12 (Fabian Brunnstrom, Evgeni Malkin) at 6:32
9. Predators , Andy Miele 10 (Adam Burish) at 12:20
Penalties :
Byron Bitz (Nas) for Hooking (Minor) at 5:39, Jamie McBain (Tor) for Hooking (Minor) at 17:22
Goalie Stats
Chad Johnson (Nas), 33 saves from 38 shots - (0,868), L, 0-1-0, 60:00 minutes
Alex Stalock (Tor), 22 saves from 26 shots - (0,846), W, 3-3-0, 60:00 minutes
Players Stats for Predators
Player Name G A P +/- PIM S H SB GA TA FO MP PP MP PK MP
------------------------------------------------------------------------------------
Adam Burish 1 1 2 1 0 4 4 1 0 0 0/0 10:14 0:00 0:00
Alexander Edler 0 1 1 1 0 6 0 2 1 0 0/0 25:40 0:40 3:35
Alexander Ovechkin 1 0 1 -1 0 4 2 0 0 0 1/5 23:54 1:06 3:21
Alexander Steen 0 0 0 -1 0 2 2 1 0 1 0/0 16:25 0:53 0:56
Andy Miele 1 0 1 1 0 1 0 0 0 1 0/2 10:14 0:00 0:00
Bobby Sanguinetti 0 0 0 1 0 1 0 0 0 0 0/0 11:12 0:40 0:00
Brett Clark 0 0 0 1 0 0 0 1 0 0 0/0 13:47 0:00 2:39
Byron Bitz 0 0 0 -1 2 1 1 2 1 0 0/1 17:48 0:53 2:05
Christian Ehrhoff 0 0 0 -1 0 0 1 3 0 2 0/0 18:23 1:19 0:53
David Jones 0 0 0 1 2 0 0 0 0 0 0/0 7:29 0:00 0:00
Frans Nielsen 0 0 0 -1 0 0 2 0 0 0 7/24 23:54 1:06 3:21
James Van Riemsdyk 0 1 1 1 0 0 1 0 0 0 0/0 10:14 0:00 0:00
John Moore 0 0 0 -2 2 0 3 4 0 6 0/0 20:57 0:00 1:45
Kris Vernarsky 0 2 2 1 0 3 0 0 0 0 2/6 8:14 0:00 0:59
Niclas Bergfors 0 1 1 -1 0 0 1 0 1 2 2/2 20:33 1:06 0:00
Ryan Kesler 0 0 0 -1 0 1 4 1 0 0 7/16 15:28 0:53 0:00
Ryan Mcdonagh 0 0 0 0 0 1 1 1 2 0 0/0 30:01 1:19 3:36
Steve Begin 1 0 1 1 2 2 0 0 0 0 0/1 9:15 0:00 1:46
Players Stats for Maple Leafs
Player Name G A P +/- PIM S H SB GA TA FO MP PP MP PK MP
------------------------------------------------------------------------------------
Alexander Frolov 0 0 0 0 0 1 2 0 2 1 0/1 21:55 2:51 0:46
Blake Comeau 0 0 0 -1 0 1 0 1 1 0 0/0 12:18 0:09 0:33
Braydon Coburn 0 0 0 1 0 3 0 1 0 1 0/0 27:27 4:20 1:12
Claude Giroux 0 1 1 0 0 2 1 0 2 0 1/1 22:10 2:51 1:04
Colby Armstrong 0 0 0 -1 0 3 0 0 0 0 1/1 12:41 3:14 0:00
Eric Nystrom 0 0 0 -1 0 3 1 0 0 0 0/0 10:53 0:09 0:09
Evgeni Malkin 1 3 4 2 0 6 1 1 1 1 13/24 16:25 2:51 0:27
Fabian Brunnstrom 1 1 2 2 0 4 2 0 1 0 0/1 15:40 3:14 0:00
Jamie McBain 1 1 2 1 2 1 0 1 1 0 0/0 15:14 1:54 0:00
Jordan Staal 0 0 0 0 0 2 2 0 1 0 17/22 21:35 2:06 0:59
Justin Abdelkader 0 0 0 -1 0 1 2 0 1 0 0/0 10:28 0:00 0:00
Justin Schultz 0 0 0 -2 0 0 0 0 0 0 0/0 17:20 0:00 0:14
Marc-Édouard Vlasic 0 0 0 -2 0 1 0 0 0 0 0/0 19:44 1:54 0:33
Michael Grabner 1 1 2 2 0 4 2 0 0 1 2/2 13:43 1:17 0:00
Rob Schremp 1 0 1 -1 0 5 0 0 1 0 3/4 9:45 0:00 0:00
Taylor Chorney 0 0 0 1 0 0 0 3 0 0 0/0 12:47 0:00 0:47
Tobias Enstrom 0 0 0 1 0 1 0 1 1 0 0/0 27:27 4:20 1:12
Zac Dalpe 0 0 0 -1 0 0 0 0 0 1 1/1 10:28 0:00 0:00
3 Stars
1 - Evgeni Malkin (Tor)
2 - Adam Burish (Nas)
3 - Michael Grabner (Tor)
Power Play
Predators - 0 on 1 Attempt(s) - 0,00%
Maple Leafs - 1 on 4 Attempt(s) - 25,00%
Penalty Kill
Predators - 3 on 4 Attempt(s) - 75,00%
- Score 0 goal in Penalty Kill
Maple Leafs - 1 on 1 Attempt(s) - 100,00%
- Score 0 goal in Penalty Kill
Team Stat
Predators - Hits : 22 - Faceoff Wins : 19 - Blocked Shots : 16 - Penalty Minutes : 8
Maple Leafs - Hits : 13 - Faceoff Wins : 38 - Blocked Shots : 8 - Penalty Minutes : 2
Official
Referees : Meier Brad and L'Ecuyer Frederick
Linesman : Pierre Racicot and Don Henderson
Game Notes
No Game Note
Finance
Level 1 -- Attendance: 5730 (95,50%) -- Ticket Income 487 050 $
Level 2 -- Attendance: 4747 (94,94%) -- Ticket Income 237 350 $
Level 3 -- Attendance: 2000 (100,00%) -- Ticket Income 62 000 $
Level 4 -- Attendance: 3854 (96,35%) -- Ticket Income 77 080 $
Luxury Box -- Attendance: 1000 (100,00%) -- Ticket Income 150 000 $
Game was played at the Maple Leafs Garden.
Total Attendance: 17331 (96,28%)
Total Ticket Income: 1 013 480 $
Other Income: 152 022 $
Total Income: 1 165 502 $
Predators
5 vs 5 Forward
Center Left Wing Right Wing Time % Phy DF OF
1 Frans Nielsen Alexander Ovechkin Niclas Bergfors 40 1 1 3
2 Ryan Kesler Alexander Steen Byron Bitz 30 1 2 2
3 Andy Miele James Van Riemsdyk Adam Burish 20 1 2 2
4 Kris Vernarsky Steve Begin David Jones 10 1 2 2
5 vs 5 Defense
Defense Defense Time % Phy DF OF
1 Alexander Edler Ryan Mcdonagh 40 1 2 2
2 Christian Ehrhoff John Moore 30 1 2 2
3 Bobby Sanguinetti Brett Clark 20 1 2 2
4 Ryan Mcdonagh John Moore 10 1 2 2
PowerPlay Forward
Center Left Wing Right Wing Time % Phy DF OF
1 Frans Nielsen Alexander Ovechkin Niclas Bergfors 60 1 0 4
2 Ryan Kesler Alexander Steen Byron Bitz 40 1 0 4
PowerPlay Defense
Defense Defense Time % Phy DF OF
1 Christian Ehrhoff Ryan Mcdonagh 60 1 1 3
2 Bobby Sanguinetti Alexander Edler 40 0 1 4
Penalty Kill 4 Players Forward
Center Wing Time % Phy DF OF
1 Alexander Ovechkin Frans Nielsen 60 1 2 2
2 Byron Bitz Steve Begin 40 1 2 2
Penalty Kill 4 Players Defense
Defense Defense Time % Phy DF OF
1 Alexander Edler Ryan Mcdonagh 60 1 1 3
2 Brett Clark John Moore 40 1 1 3
Penalty Kill - 3 Players Forward
Forward Time % Phy DF OF
1 Byron Bitz 60 2 3 0
2 Frans Nielsen 40 1 3 1
Penalty Kill - 3 Players Defense
Defense Defense Time % Phy DF OF
1 Alexander Edler Ryan Mcdonagh 60 1 1 3
2 Brett Clark John Moore 40 1 1 3
4 vs 4 Forward
Center Wing Time % Phy DF OF
1 Alexander Ovechkin Niclas Bergfors 60 1 2 2
2 Ryan Kesler Byron Bitz 40 1 2 2
4 vs 4 Defense
Defense Defense Time % Phy DF OF
1 Alexander Edler Ryan Mcdonagh 60 1 2 2
2 Bobby Sanguinetti John Moore 40 1 2 2
Last Minutes Offensive
Center Left Wing Right Wing Defense Defense
Ryan Kesler Alexander Ovechkin Byron Bitz Alexander Edler Ryan Mcdonagh
Last Minutes Defensive
Center Left Wing Right Wing Defense Defense
Frans Nielsen Alexander Ovechkin Byron Bitz Ryan Mcdonagh Brett Clark
Goaltenders
Starting : Chad Johnson
Backup : Viktor Fasth
Extra Forwards
Normal : Alexander Ovechkin, Byron Bitz, Andy Miele - PP : Alexander Ovechkin, Ryan Kesler - PK : Steve Begin
Extra Defensemen
Normal : Bobby Sanguinetti, Alexander Edler, John Moore - PP : Bobby Sanguinetti - PK : John Moore, Christian Ehrhoff
Penalty Shots
Alexander Ovechkin, Niclas Bergfors, Ryan Kesler, Andy Miele, Alexander Steen
Maple Leafs
5 vs 5 Forward
Center Left Wing Right Wing Time % Phy DF OF
1 Jordan Staal Alexander Frolov Claude Giroux 40 1 2 2
2 Evgeni Malkin Fabian Brunnstrom Michael Grabner 30 1 2 2
3 Rob Schremp Eric Nystrom Colby Armstrong 20 1 2 2
4 Zac Dalpe Justin Abdelkader Blake Comeau 10 1 2 2
5 vs 5 Defense
Defense Defense Time % Phy DF OF
1 Tobias Enstrom Braydon Coburn 40 1 2 2
2 Justin Schultz Marc-Édouard Vlasic 30 1 2 2
3 Taylor Chorney Jamie McBain 20 1 2 2
4 Tobias Enstrom Braydon Coburn 10 1 2 2
PowerPlay Forward
Center Left Wing Right Wing Time % Phy DF OF
1 Evgeni Malkin Alexander Frolov Claude Giroux 60 1 2 2
2 Jordan Staal Fabian Brunnstrom Colby Armstrong 40 1 2 2
PowerPlay Defense
Defense Defense Time % Phy DF OF
1 Tobias Enstrom Braydon Coburn 60 1 2 2
2 Jamie McBain Marc-Édouard Vlasic 40 1 2 2
Penalty Kill 4 Players Forward
Center Wing Time % Phy DF OF
1 Jordan Staal Claude Giroux 60 1 2 2
2 Evgeni Malkin Alexander Frolov 40 1 2 2
Penalty Kill 4 Players Defense
Defense Defense Time % Phy DF OF
1 Tobias Enstrom Braydon Coburn 60 1 2 2
2 Taylor Chorney Marc-Édouard Vlasic 40 1 2 2
Penalty Kill - 3 Players Forward
Forward Time % Phy DF OF
1 Jordan Staal 60 1 2 2
2 Claude Giroux 40 1 2 2
Penalty Kill - 3 Players Defense
Defense Defense Time % Phy DF OF
1 Tobias Enstrom Braydon Coburn 60 1 2 2
2 Taylor Chorney Marc-Édouard Vlasic 40 1 2 2
4 vs 4 Forward
Center Wing Time % Phy DF OF
1 Jordan Staal Claude Giroux 60 1 2 2
2 Evgeni Malkin Alexander Frolov 40 1 2 2
4 vs 4 Defense
Defense Defense Time % Phy DF OF
1 Tobias Enstrom Braydon Coburn 60 1 2 2
2 Taylor Chorney Marc-Édouard Vlasic 40 1 2 2
Last Minutes Offensive
Center Left Wing Right Wing Defense Defense
Jordan Staal Alexander Frolov Claude Giroux Tobias Enstrom Braydon Coburn
Last Minutes Defensive
Center Left Wing Right Wing Defense Defense
Jordan Staal Alexander Frolov Claude Giroux Tobias Enstrom Braydon Coburn
Goaltenders
Starting : Alex Stalock
Backup : Marc-André Fleury
Extra Forwards
Normal : Evgeni Malkin, Claude Giroux, Eric Nystrom - PP : Michael Grabner, Eric Nystrom - PK : Blake Comeau
Extra Defensemen
Normal : Jamie McBain, Justin Schultz, Taylor Chorney - PP : Jamie McBain - PK : Justin Schultz, Taylor Chorney
Penalty Shots
Claude Giroux, Rob Schremp, Evgeni Malkin, Jordan Staal, Fabian Brunnstrom
% Time on Ice - Predators
Lines # - Real PCT - Wanted PCT - Time Play
Normal Forward
1 - 38% - 40% - 19:28
2 - 29% - 30% - 14:51
3 - 20% - 20% - 10:14
4 - 14% - 10% - 7:14
Normal Defense
1 - 42% - 40% - 21:43
2 - 31% - 30% - 16:09
3 - 20% - 20% - 10:32
4 - 7% - 10% - 3:23
PP Forward
1 - 55% - 60% - 1:06
2 - 45% - 40% - 0:53
PP Defense
1 - 66% - 60% - 1:19
2 - 34% - 40% - 0:40
PK Forward
1 - 62% - 60% - 3:52
2 - 38% - 40% - 2:22
PK Defense
1 - 55% - 60% - 3:26
2 - 45% - 40% - 2:48
PK3 Forward
1 - 0% - 60%
2 - 0% - 40%
PK3 Defense
1 - 0% - 60%
2 - 0% - 40%
44 Forward
1 - 0% - 60%
2 - 0% - 40%
44 Defense
1 - 0% - 60%
2 - 0% - 40%
Last Minute Offensive - 0:00
Last Minute Defensive - 0:00
Total
Forward - 60:00
Defense - 60:00
|
% Time on Ice - Maple Leafs
Lines # - Real PCT - Wanted PCT - Time Play
Normal Forward
1 - 36% - 40% - 18:15
2 - 25% - 30% - 12:41
3 - 19% - 20% - 9:45
4 - 20% - 10% - 10:28
Normal Defense
1 - 37% - 40% - 19:04
2 - 34% - 30% - 17:17
3 - 23% - 20% - 12:00
4 - 5% - 10% - 2:48
PP Forward
1 - 46% - 60% - 2:51
2 - 54% - 40% - 3:23
PP Defense
1 - 70% - 60% - 4:20
2 - 30% - 40% - 1:54
PK Forward
1 - 87% - 60% - 1:43
2 - 13% - 40% - 0:16
PK Defense
1 - 61% - 60% - 1:12
2 - 39% - 40% - 0:47
PK3 Forward
1 - 0% - 60%
2 - 0% - 40%
PK3 Defense
1 - 0% - 60%
2 - 0% - 40%
44 Forward
1 - 0% - 60%
2 - 0% - 40%
44 Defense
1 - 0% - 60%
2 - 0% - 40%
Last Minute Offensive - 0:00
Last Minute Defensive - 0:38
Total
Forward - 60:00
Defense - 60:00
|
Play by Play
1st period
0:01 of 1st period - Frans Nielsen wins face-off versus Alexander Frolov in neutral zone.
0:14 of 1st period - Snap shot by Alexander Frolov.
0:14 of 1st period - Stopped by Chad Johnson without a rebound.
0:15 of 1st period - Ryan Kesler wins face-off versus Evgeni Malkin in Predators zone.
0:17 of 1st period - Minor Penalty to John Moore for Hooking.
0:18 of 1st period - Evgeni Malkin wins face-off versus Alexander Ovechkin in Predators zone.
2:17 of 1st period - Penalty to John Moore is over, John Moore is back on ice.
2:27 of 1st period - Slapshot by Adam Burish.
2:27 of 1st period - Shot Misses the Net.
3:02 of 1st period - Wrist shot by Steve Begin.
3:02 of 1st period - Deflect By Evgeni Malkin.
3:02 of 1st period - Shot Misses the Net.
3:02 of 1st period - Puck is out of play.
3:03 of 1st period - Evgeni Malkin wins face-off versus Steve Begin in Maple Leafs zone.
3:08 of 1st period - Jamie McBain is hit by John Moore and loses puck.
3:57 of 1st period - Slapshot by Justin Abdelkader.
3:57 of 1st period - Shot Misses the Net.
5:51 of 1st period - Wrist shot by Alexander Edler.
5:51 of 1st period - Deflect By Adam Burish.
5:51 of 1st period - Stopped by Alex Stalock with a rebound.
5:57 of 1st period - Snap shot by Alexander Edler.
5:57 of 1st period - Stopped by Alex Stalock with a rebound.
6:07 of 1st period - Frans Nielsen is hit by Alexander Frolov and loses puck.
6:32 of 1st period - Fabian Brunnstrom is hit by Christian Ehrhoff and loses puck.
6:56 of 1st period - Braydon Coburn is hit by Adam Burish and loses puck.
7:11 of 1st period - Snap shot by Alexander Ovechkin.
7:11 of 1st period - Stopped by Alex Stalock with a rebound.
7:13 of 1st period - Slapshot by Niclas Bergfors.
7:13 of 1st period - Shot Misses the Net.
7:15 of 1st period - Slapshot by Alexander Edler.
7:15 of 1st period - Shot Blocked by Taylor Chorney.
7:29 of 1st period - Wrist shot by Kris Vernarsky.
7:29 of 1st period - Deflect By Steve Begin.
7:29 of 1st period - Shot Misses the Net.
7:29 of 1st period - Puck is out of play.
7:30 of 1st period - Jordan Staal wins face-off versus Kris Vernarsky in Maple Leafs zone.
8:35 of 1st period - Minor Penalty to David Jones for Hooking.
8:36 of 1st period - Michael Grabner wins face-off versus Alexander Ovechkin in Predators zone.
8:42 of 1st period - Wrist shot by Michael Grabner.
8:42 of 1st period - Shot Blocked by Alexander Edler.
8:44 of 1st period - Snap shot by Braydon Coburn.
8:44 of 1st period - Deflect By Alexander Ovechkin.
8:44 of 1st period - Stopped by Chad Johnson without a rebound.
8:45 of 1st period - Colby Armstrong wins face-off versus Alexander Ovechkin in Predators zone.
9:08 of 1st period - Snap shot by Colby Armstrong.
9:08 of 1st period - Stopped by Chad Johnson with a rebound.
9:30 of 1st period - Snap shot by Michael Grabner.
9:30 of 1st period - Shot Misses the Net.
9:32 of 1st period - Slapshot by Braydon Coburn.
9:32 of 1st period - Stopped by Chad Johnson with a rebound.
9:34 of 1st period - Wrist shot by Colby Armstrong.
9:34 of 1st period - Shot Blocked by John Moore.
9:36 of 1st period - Snap shot by Michael Grabner.
9:36 of 1st period - Shot Misses the Net.
9:38 of 1st period - Wrist shot by Colby Armstrong.
9:38 of 1st period - Stopped by Chad Johnson with a rebound.
9:46 of 1st period - Snap shot by Michael Grabner.
9:46 of 1st period - Stopped by Chad Johnson with a rebound.
9:48 of 1st period - Snap shot by Fabian Brunnstrom.
9:48 of 1st period - Shot Misses the Net.
9:50 of 1st period - Wrist shot by Colby Armstrong.
9:50 of 1st period - Shot Blocked by Brett Clark.
9:52 of 1st period - Slapshot by Fabian Brunnstrom.
9:52 of 1st period - Stopped by Chad Johnson without a rebound.
9:53 of 1st period - Evgeni Malkin wins face-off versus Alexander Ovechkin in Predators zone.
10:35 of 1st period - Penalty to David Jones is over, David Jones is back on ice.
11:28 of 1st period - Icing by Alexander Edler.
11:29 of 1st period - Frans Nielsen wins face-off versus Evgeni Malkin in Predators zone.
11:56 of 1st period - Snap shot by Alexander Frolov.
11:56 of 1st period - Shot Blocked by Christian Ehrhoff.
12:02 of 1st period - Braydon Coburn is hit by Adam Burish and loses puck.
12:40 of 1st period - Snap shot by Alexander Ovechkin.
12:40 of 1st period - Deflect By Taylor Chorney.
12:40 of 1st period - Shot Misses the Net.
12:40 of 1st period - Puck is out of play.
12:41 of 1st period - Kris Vernarsky wins face-off versus Evgeni Malkin in Maple Leafs zone.
12:44 of 1st period - Snap shot by Kris Vernarsky.
12:44 of 1st period - Stopped by Alex Stalock without a rebound.
12:45 of 1st period - Evgeni Malkin wins face-off versus Frans Nielsen in Maple Leafs zone.
12:45 of 1st period - Michael Grabner is hit by Alexander Ovechkin and loses puck.
13:20 of 1st period - Wrist shot by Eric Nystrom.
13:20 of 1st period - Shot Misses the Net.
13:22 of 1st period - Wrist shot by Colby Armstrong.
13:22 of 1st period - Shot Blocked by Byron Bitz.
13:44 of 1st period - Slapshot by Alexander Edler.
13:44 of 1st period - Stopped by Alex Stalock without a rebound.
13:45 of 1st period - Evgeni Malkin wins face-off versus Frans Nielsen in Maple Leafs zone.
14:11 of 1st period - Christian Ehrhoff is hit by Claude Giroux and loses puck.
14:20 of 1st period - Wrist shot by Alexander Frolov.
14:20 of 1st period - Shot Misses the Net.
14:42 of 1st period - Snap shot by Kris Vernarsky.
14:42 of 1st period - Shot Misses the Net.
14:44 of 1st period - Slapshot by Kris Vernarsky.
14:44 of 1st period - Stopped by Alex Stalock without a rebound.
14:45 of 1st period - Evgeni Malkin wins face-off versus Frans Nielsen in Maple Leafs zone.
15:02 of 1st period - Frans Nielsen is hit by Michael Grabner.
16:24 of 1st period - Wrist shot by Zac Dalpe.
16:24 of 1st period - Shot Misses the Net.
16:30 of 1st period - Slapshot by Alexander Edler.
16:30 of 1st period - Stopped by Alex Stalock with a rebound.
16:32 of 1st period - Slapshot by Alexander Edler.
16:32 of 1st period - Deflect By Steve Begin.
16:32 of 1st period - Shot Misses the Net.
16:32 of 1st period - Puck is out of play.
16:33 of 1st period - Jordan Staal wins face-off versus Ryan Kesler in Maple Leafs zone.
16:44 of 1st period - Snap shot by Claude Giroux.
16:44 of 1st period - Shot Blocked by Christian Ehrhoff.
16:58 of 1st period - Fabian Brunnstrom is hit by Frans Nielsen and loses puck.
17:21 of 1st period - Snap shot by Rob Schremp.
17:21 of 1st period - Stopped by Chad Johnson with a rebound.
17:48 of 1st period - Wrist shot by Alexander Frolov.
17:48 of 1st period - Shot Blocked by Alexander Steen.
18:09 of 1st period - Wrist shot by Evgeni Malkin.
18:09 of 1st period - Shot Misses the Net.
18:11 of 1st period - Slapshot by Braydon Coburn.
18:11 of 1st period - Stopped by Chad Johnson without a rebound.
18:12 of 1st period - Michael Grabner wins face-off versus Byron Bitz in Predators zone.
18:21 of 1st period - Slapshot by Evgeni Malkin.
18:21 of 1st period - Stopped by Chad Johnson with a rebound.
18:23 of 1st period - Slapshot by Braydon Coburn.
18:23 of 1st period - Shot Misses the Net.
18:25 of 1st period - Wrist shot by Michael Grabner.
18:25 of 1st period - Stopped by Chad Johnson with a rebound.
18:27 of 1st period - Slapshot by Braydon Coburn.
18:27 of 1st period - Shot Misses the Net.
18:56 of 1st period - Wrist shot by Tobias Enstrom.
18:56 of 1st period - Shot Blocked by Adam Burish.
18:58 of 1st period - Slapshot by Eric Nystrom.
18:58 of 1st period - Stopped by Chad Johnson with a rebound.
19:00 of 1st period - Wrist shot by Colby Armstrong.
19:00 of 1st period - Stopped by Chad Johnson without a rebound.
19:01 of 1st period - Rob Schremp wins face-off versus Ryan Kesler in Predators zone.
19:12 of 1st period - Wrist shot by Rob Schremp.
19:12 of 1st period - Goal by Rob Schremp - Predators : 0 - Maple Leafs : 1.
19:13 of 1st period - Jordan Staal wins face-off versus Frans Nielsen in neutral zone.
19:18 of 1st period - Frans Nielsen is hit by Jordan Staal and loses puck.
19:39 of 1st period - Claude Giroux is hit by Adam Burish and loses puck.
Goals for this period are 0 for Predators vs 1 for Maple Leafs.
Shots for this period are 7 for Predators vs 14 for Maple Leafs.
2nd period
0:01 of 2nd period - Frans Nielsen wins face-off versus Evgeni Malkin in neutral zone.
0:06 of 2nd period - Snap shot by Ryan Mcdonagh.
0:06 of 2nd period - Stopped by Alex Stalock without a rebound.
0:07 of 2nd period - Evgeni Malkin wins face-off versus Frans Nielsen in Maple Leafs zone.
0:16 of 2nd period - Slapshot by Evgeni Malkin.
0:16 of 2nd period - Stopped by Chad Johnson with a rebound.
0:20 of 2nd period - Wrist shot by Evgeni Malkin.
0:20 of 2nd period - Stopped by Chad Johnson with a rebound.
0:22 of 2nd period - Slapshot by Evgeni Malkin.
0:22 of 2nd period - Shot Misses the Net.
1:18 of 2nd period - Wrist shot by Evgeni Malkin.
1:18 of 2nd period - Deflect By Fabian Brunnstrom.
1:18 of 2nd period - Stopped by Chad Johnson without a rebound.
1:19 of 2nd period - Frans Nielsen wins face-off versus Evgeni Malkin in Predators zone.
3:16 of 2nd period - Snap shot by Byron Bitz.
3:16 of 2nd period - Shot Misses the Net.
3:18 of 2nd period - Snap shot by Alexander Steen.
3:18 of 2nd period - Stopped by Alex Stalock without a rebound.
3:19 of 2nd period - Evgeni Malkin wins face-off versus Frans Nielsen in Maple Leafs zone.
3:44 of 2nd period - Alexander Frolov is hit by Byron Bitz and loses puck.
4:09 of 2nd period - Brett Clark is hit by Justin Abdelkader and loses puck.
4:36 of 2nd period - Frans Nielsen is hit by Justin Abdelkader and loses puck.
4:53 of 2nd period - David Jones is hit by Jordan Staal and loses puck.
5:00 of 2nd period - Wrist shot by Steve Begin.
5:00 of 2nd period - Stopped by Alex Stalock without a rebound.
5:01 of 2nd period - Evgeni Malkin wins face-off versus Ryan Kesler in Maple Leafs zone.
5:01 of 2nd period - Evgeni Malkin is hit by Alexander Steen.
5:04 of 2nd period - Icing by Fabian Brunnstrom.
5:05 of 2nd period - Ryan Kesler wins face-off versus Evgeni Malkin in Maple Leafs zone.
5:11 of 2nd period - Icing by Michael Grabner.
5:12 of 2nd period - Evgeni Malkin wins face-off versus Frans Nielsen in Maple Leafs zone.
5:51 of 2nd period - Wrist shot by Michael Grabner.
5:51 of 2nd period - Stopped by Chad Johnson with a rebound.
5:53 of 2nd period - Snap shot by Michael Grabner.
5:53 of 2nd period - Shot Blocked by John Moore.
5:55 of 2nd period - Slapshot by Marc-Édouard Vlasic.
5:55 of 2nd period - Stopped by Chad Johnson with a rebound.
6:01 of 2nd period - Snap shot by Evgeni Malkin.
6:01 of 2nd period - Stopped by Chad Johnson without a rebound.
6:02 of 2nd period - Niclas Bergfors wins face-off versus Jordan Staal in Predators zone.
6:51 of 2nd period - Slapshot by Brett Clark.
6:51 of 2nd period - Shot Blocked by Taylor Chorney.
6:55 of 2nd period - Snap shot by Byron Bitz.
6:55 of 2nd period - Shot Blocked by Blake Comeau.
6:57 of 2nd period - Slapshot by Bobby Sanguinetti.
6:57 of 2nd period - Stopped by Alex Stalock with a rebound.
6:59 of 2nd period - Wrist shot by Byron Bitz.
6:59 of 2nd period - Stopped by Alex Stalock with a rebound.
8:01 of 2nd period - Wrist shot by Adam Burish.
8:01 of 2nd period - Goal by Adam Burish - Predators : 1 - Maple Leafs : 1.
8:02 of 2nd period - Jordan Staal wins face-off versus Frans Nielsen in neutral zone.
8:11 of 2nd period - Snap shot by Alexander Frolov.
8:11 of 2nd period - Deflect By Claude Giroux.
8:11 of 2nd period - Stopped by Chad Johnson with a rebound.
8:13 of 2nd period - Slapshot by Tobias Enstrom.
8:13 of 2nd period - Stopped by Chad Johnson with a rebound.
8:15 of 2nd period - Backhand shot by Jordan Staal.
8:15 of 2nd period - Stopped by Chad Johnson without a rebound.
8:16 of 2nd period - Jordan Staal wins face-off versus Frans Nielsen in Predators zone.
8:29 of 2nd period - Snap shot by Alexander Edler.
8:29 of 2nd period - Deflect By Tobias Enstrom.
8:29 of 2nd period - Stopped by Alex Stalock without a rebound.
8:30 of 2nd period - Jordan Staal wins face-off versus Frans Nielsen in Maple Leafs zone.
9:05 of 2nd period - Backhand shot by Rob Schremp.
9:05 of 2nd period - Stopped by Chad Johnson without a rebound.
9:06 of 2nd period - Rob Schremp wins face-off versus Ryan Kesler in Predators zone.
10:00 of 2nd period - Icing by Michael Grabner.
10:01 of 2nd period - Frans Nielsen wins face-off versus Evgeni Malkin in Maple Leafs zone.
10:25 of 2nd period - Ryan Mcdonagh is hit by Fabian Brunnstrom and loses puck.
10:42 of 2nd period - Snap shot by Fabian Brunnstrom.
10:42 of 2nd period - Goal by Fabian Brunnstrom - Predators : 1 - Maple Leafs : 2.
10:43 of 2nd period - Claude Giroux wins face-off versus Ryan Kesler in neutral zone.
10:49 of 2nd period - Wrist shot by Claude Giroux.
10:49 of 2nd period - Shot Misses the Net.
10:51 of 2nd period - Slapshot by Jordan Staal.
10:51 of 2nd period - Shot Blocked by John Moore.
10:53 of 2nd period - Snap shot by Alexander Frolov.
10:53 of 2nd period - Shot Misses the Net.
12:09 of 2nd period - Minor Penalty to Steve Begin for Cross-checking.
12:10 of 2nd period - Alexander Ovechkin wins face-off versus Evgeni Malkin in Predators zone.
13:54 of 2nd period - Frans Nielsen is hit by Fabian Brunnstrom and loses puck.
14:09 of 2nd period - Penalty to Steve Begin is over, Steve Begin is back on ice.
14:17 of 2nd period - Marc-Édouard Vlasic is hit by Adam Burish and loses puck.
14:34 of 2nd period - Snap shot by David Jones.
14:34 of 2nd period - Shot Misses the Net.
14:36 of 2nd period - Slapshot by John Moore.
14:36 of 2nd period - Deflect By Steve Begin.
14:36 of 2nd period - Shot Misses the Net.
14:36 of 2nd period - Puck is out of play.
14:37 of 2nd period - Rob Schremp wins face-off versus Kris Vernarsky in Maple Leafs zone.
14:47 of 2nd period - Snap shot by Kris Vernarsky.
14:47 of 2nd period - Stopped by Alex Stalock with a rebound.
14:49 of 2nd period - Snap shot by Kris Vernarsky.
14:49 of 2nd period - Shot Blocked by Taylor Chorney.
14:51 of 2nd period - Snap shot by Steve Begin.
14:51 of 2nd period - Goal by Steve Begin - Predators : 2 - Maple Leafs : 2.
14:52 of 2nd period - Jordan Staal wins face-off versus Frans Nielsen in neutral zone.
15:45 of 2nd period - Wrist shot by Eric Nystrom.
15:45 of 2nd period - Stopped by Chad Johnson with a rebound.
15:47 of 2nd period - Snap shot by Eric Nystrom.
15:47 of 2nd period - Stopped by Chad Johnson with a rebound.
16:21 of 2nd period - Wrist shot by Adam Burish.
16:21 of 2nd period - Stopped by Alex Stalock without a rebound.
16:22 of 2nd period - Jordan Staal wins face-off versus Frans Nielsen in Maple Leafs zone.
17:11 of 2nd period - Christian Ehrhoff is hit by Evgeni Malkin.
17:59 of 2nd period - Slapshot by Niclas Bergfors.
17:59 of 2nd period - Shot Misses the Net.
18:01 of 2nd period - Snap shot by Alexander Ovechkin.
18:01 of 2nd period - Goal by Alexander Ovechkin - Predators : 3 - Maple Leafs : 2.
18:02 of 2nd period - Jordan Staal wins face-off versus Frans Nielsen in neutral zone.
18:09 of 2nd period - Slapshot by Claude Giroux.
18:09 of 2nd period - Stopped by Chad Johnson with a rebound.
18:34 of 2nd period - Snap shot by Alexander Frolov.
18:34 of 2nd period - Shot Blocked by Ryan Mcdonagh.
18:36 of 2nd period - Wrist shot by Claude Giroux.
18:36 of 2nd period - Shot Blocked by John Moore.
18:56 of 2nd period - Brett Clark is hit by Michael Grabner and loses puck.
19:03 of 2nd period - Marc-Édouard Vlasic is hit by Ryan Kesler.
19:23 of 2nd period - Snap shot by Rob Schremp.
19:23 of 2nd period - Shot Misses the Net.
19:25 of 2nd period - Snap shot by Rob Schremp.
19:25 of 2nd period - Stopped by Chad Johnson with a rebound.
19:45 of 2nd period - Justin Abdelkader is hit by Alexander Ovechkin and loses puck.
Goals for this period are 3 for Predators vs 1 for Maple Leafs.
Shots for this period are 11 for Predators vs 15 for Maple Leafs.
3rd period
0:01 of 3rd period - Jordan Staal wins face-off versus Frans Nielsen in neutral zone.
0:16 of 3rd period - Wrist shot by Alexander Frolov.
0:16 of 3rd period - Shot Misses the Net.
0:26 of 3rd period - Evgeni Malkin is hit by Ryan Kesler and loses puck.
0:33 of 3rd period - Snap shot by Ryan Kesler.
0:33 of 3rd period - Shot Blocked by Tobias Enstrom.
1:06 of 3rd period - Off-side.
1:07 of 3rd period - Zac Dalpe wins face-off versus Kris Vernarsky in neutral zone.
2:46 of 3rd period - Wrist shot by Niclas Bergfors.
2:46 of 3rd period - Deflect By Alexander Ovechkin.
2:46 of 3rd period - Stopped by Alex Stalock with a rebound.
3:39 of 3rd period - Snap shot by Justin Abdelkader.
3:39 of 3rd period - Stopped by Chad Johnson with a rebound.
3:41 of 3rd period - Snap shot by Zac Dalpe.
3:41 of 3rd period - Shot Misses the Net.
3:43 of 3rd period - Slapshot by Justin Abdelkader.
3:43 of 3rd period - Shot Blocked by Alexander Edler.
3:51 of 3rd period - Justin Schultz is hit by Frans Nielsen and loses puck.
4:05 of 3rd period - Icing by Ryan Mcdonagh.
4:06 of 3rd period - Jordan Staal wins face-off versus Frans Nielsen in Predators zone.
4:38 of 3rd period - Snap shot by Jordan Staal.
4:38 of 3rd period - Deflect By Claude Giroux.
4:38 of 3rd period - Shot Misses the Net.
4:38 of 3rd period - Puck is out of play.
4:39 of 3rd period - Ryan Kesler wins face-off versus Fabian Brunnstrom in Predators zone.
4:48 of 3rd period - Wrist shot by Alexander Steen.
4:48 of 3rd period - Stopped by Alex Stalock without a rebound.
4:49 of 3rd period - Evgeni Malkin wins face-off versus Ryan Kesler in Maple Leafs zone.
4:49 of 3rd period - Evgeni Malkin is hit by Ryan Kesler.
4:54 of 3rd period - Off-side.
4:55 of 3rd period - Jordan Staal wins face-off versus Ryan Kesler in neutral zone.
5:29 of 3rd period - Wrist shot by Evgeni Malkin.
5:29 of 3rd period - Stopped by Chad Johnson with a rebound.
5:31 of 3rd period - Slapshot by Jamie McBain.
5:31 of 3rd period - Goal by Jamie McBain - Predators : 3 - Maple Leafs : 3.
5:32 of 3rd period - Jordan Staal wins face-off versus Ryan Kesler in neutral zone.
5:37 of 3rd period - Snap shot by Claude Giroux.
5:37 of 3rd period - Shot Blocked by Ryan Kesler.
5:39 of 3rd period - Minor Penalty to Byron Bitz for Hooking.
5:40 of 3rd period - Kris Vernarsky wins face-off versus Evgeni Malkin in Predators zone.
5:46 of 3rd period - Icing by Claude Giroux.
5:47 of 3rd period - Evgeni Malkin wins face-off versus Kris Vernarsky in Maple Leafs zone.
5:56 of 3rd period - Snap shot by Evgeni Malkin.
5:56 of 3rd period - Goal by Evgeni Malkin - Predators : 3 - Maple Leafs : 4.
5:57 of 3rd period - Ryan Kesler wins face-off versus Jordan Staal in neutral zone.
6:30 of 3rd period - Snap shot by Fabian Brunnstrom.
6:30 of 3rd period - Shot Misses the Net.
6:32 of 3rd period - Slapshot by Fabian Brunnstrom.
6:32 of 3rd period - Deflect By Michael Grabner.
6:32 of 3rd period - Goal by Michael Grabner - Predators : 3 - Maple Leafs : 5.
6:33 of 3rd period - Ryan Kesler wins face-off versus Jordan Staal in neutral zone.
6:38 of 3rd period - Snap shot by Ryan Kesler.
6:38 of 3rd period - Shot Misses the Net.
7:19 of 3rd period - Alexander Steen is hit by Eric Nystrom and loses puck.
7:36 of 3rd period - Slapshot by Alexander Ovechkin.
7:36 of 3rd period - Stopped by Alex Stalock without a rebound.
7:37 of 3rd period - Jordan Staal wins face-off versus Frans Nielsen in Maple Leafs zone.
7:53 of 3rd period - Icing by Niclas Bergfors.
7:54 of 3rd period - Frans Nielsen wins face-off versus Evgeni Malkin in Predators zone.
8:47 of 3rd period - Slapshot by Rob Schremp.
8:47 of 3rd period - Stopped by Chad Johnson without a rebound.
8:48 of 3rd period - Ryan Kesler wins face-off versus Rob Schremp in Predators zone.
9:03 of 3rd period - Wrist shot by Alexander Steen.
9:03 of 3rd period - Shot Misses the Net.
10:11 of 3rd period - Wrist shot by Evgeni Malkin.
10:11 of 3rd period - Deflect By Fabian Brunnstrom.
10:11 of 3rd period - Stopped by Chad Johnson with a rebound.
10:23 of 3rd period - Eric Nystrom is hit by John Moore and loses puck.
10:32 of 3rd period - Slapshot by Adam Burish.
10:32 of 3rd period - Stopped by Alex Stalock without a rebound.
10:33 of 3rd period - Ryan Kesler wins face-off versus Jordan Staal in Maple Leafs zone.
10:40 of 3rd period - Snap shot by Byron Bitz.
10:40 of 3rd period - Deflect By Ryan Kesler.
10:40 of 3rd period - Shot Misses the Net.
10:40 of 3rd period - Puck is out of play.
10:41 of 3rd period - Jordan Staal wins face-off versus Ryan Kesler in Maple Leafs zone.
10:51 of 3rd period - Slapshot by Claude Giroux.
10:51 of 3rd period - Shot Misses the Net.
11:39 of 3rd period - Snap shot by Alexander Steen.
11:39 of 3rd period - Shot Blocked by Braydon Coburn.
11:45 of 3rd period - Wrist shot by Jordan Staal.
11:45 of 3rd period - Stopped by Chad Johnson without a rebound.
11:46 of 3rd period - Niclas Bergfors wins face-off versus Evgeni Malkin in Predators zone.
12:20 of 3rd period - Wrist shot by Andy Miele.
12:20 of 3rd period - Goal by Andy Miele - Predators : 4 - Maple Leafs : 5.
12:21 of 3rd period - Evgeni Malkin wins face-off versus Frans Nielsen in neutral zone.
12:36 of 3rd period - Slapshot by Alexander Edler.
12:36 of 3rd period - Stopped by Alex Stalock with a rebound.
12:38 of 3rd period - Slapshot by Alexander Edler.
12:38 of 3rd period - Stopped by Alex Stalock with a rebound.
12:48 of 3rd period - Ryan Kesler is hit by Alexander Frolov and loses puck.
12:57 of 3rd period - Snap shot by Ryan Kesler.
12:57 of 3rd period - Stopped by Alex Stalock without a rebound.
12:58 of 3rd period - Jordan Staal wins face-off versus Andy Miele in Maple Leafs zone.
13:02 of 3rd period - Icing by Claude Giroux.
13:03 of 3rd period - Jordan Staal wins face-off versus Andy Miele in Maple Leafs zone.
13:18 of 3rd period - Snap shot by Adam Burish.
13:18 of 3rd period - Shot Misses the Net.
14:36 of 3rd period - Snap shot by Steve Begin.
14:36 of 3rd period - Shot Misses the Net.
14:56 of 3rd period - Evgeni Malkin is hit by Alexander Steen.
15:16 of 3rd period - Colby Armstrong is hit by Niclas Bergfors and loses puck.
15:23 of 3rd period - Eric Nystrom is hit by John Moore and loses puck.
16:02 of 3rd period - Snap shot by Kris Vernarsky.
16:02 of 3rd period - Shot Blocked by Evgeni Malkin.
16:14 of 3rd period - Justin Abdelkader is hit by Ryan Mcdonagh and loses puck.
16:57 of 3rd period - Taylor Chorney is hit by James Van Riemsdyk and loses puck.
17:20 of 3rd period - Wrist shot by Alexander Steen.
17:20 of 3rd period - Shot Blocked by Jamie McBain.
17:22 of 3rd period - Minor Penalty to Jamie McBain for Hooking.
17:23 of 3rd period - Frans Nielsen wins face-off versus Jordan Staal in Maple Leafs zone.
18:02 of 3rd period - Marc-Édouard Vlasic is hit by Ryan Kesler and loses puck.
19:22 of 3rd period - Penalty to Jamie McBain is over, Jamie McBain is back on ice.
19:36 of 3rd period - Snap shot by Evgeni Malkin.
19:36 of 3rd period - Shot Misses the Net.
19:46 of 3rd period - Slapshot by Justin Schultz.
19:46 of 3rd period - Shot Blocked by Christian Ehrhoff.
19:48 of 3rd period - Wrist shot by Evgeni Malkin.
19:48 of 3rd period - Shot Misses the Net.
19:50 of 3rd period - Wrist shot by Blake Comeau.
19:50 of 3rd period - Shot Blocked by Byron Bitz.
19:52 of 3rd period - Wrist shot by Blake Comeau.
19:52 of 3rd period - Stopped by Chad Johnson with a rebound.
Goals for this period are 1 for Predators vs 3 for Maple Leafs.
Shots for this period are 8 for Predators vs 9 for Maple Leafs.
Back to the Top